 Dungeon Crawl Stone Soup version 0.25.1-1-g288607f5aa (webtiles) character file.

Game seed: 15768088512142847161

9 Descartes the Grave Robber (level 2, 0/11 HPs)
             Began as a Felid Wanderer on July 28, 2020.
             Slain by a jackal (1 damage)
             ... on level 1 of the Dungeon.
             The game lasted 00:02:18 (1142 turns).

Descartes the Grave Robber (Felid Wanderer)         Turns: 1142, Time: 00:02:19

Health: 0/11       AC:  1    Str:  7    XL:     2   Next: 6%
Magic:  0/6        EV: 16    Int: 12    God:
Gold:   23         SH:  0    Dex: 17    Spells: 3/5 levels left
                                        Lives:  0   Deaths: 0

rFire    . . .     SeeInvis +   (weapon unavailable)
rCold    . . .     Gourm    .   (shield unavailable)
rNeg     . . .     Faith    .   (armour unavailable)
rPois    .         Spirit   .   (helmet unavailable)
rElec    .         Reflect  .   (cloak unavailable)
rCorr    .         Harm     .   (gloves unavailable)
MR       .....                  (boots unavailable)
Stlth    ++........             (no amulet)
HPRegen  0.03/turn              (no ring)
MPRegen  0.10/turn              (no ring)

@: very slightly contaminated, quick
A: very small, no armour, no weapons or thrown items, stealth, claws 1, fangs 3,
see invisible, carnivore, speed 1, shaggy fur 1, slow metabolism 1, sharp paws
a: no special abilities


You were on level 1 of the Dungeon.
You were very full.

You visited 1 branch of the dungeon, and saw 1 of its levels.

You collected 23 gold pieces.

Inventory:

Missiles
 a - 20 arrows
Scrolls
 c - a scroll of noise {unknown}
Potions
 b - a potion of curing {unknown}
 e - a potion of cancellation {unknown}
 f - a potion of invisibility {unknown}
Comestibles
 d - 2 rations


   Skills:
 + Level 0.8 Dodging
 + Level 1.8 Stealth
 + Level 2.1 Spellcasting
   Level 1.7 Conjurations
   Level 1.0 Summonings
 + Level 3.1 Necromancy
 + Level 0.4 Earth Magic
   Level 1.1 Evocations


You had 3 spell levels left.
You knew the following spells:

 Your Spells              Type           Power        Failure   Level  Hunger
a - Sandblast             Erth           #.....       22%         1    ##.....
b - Pain                  Necr           #...         8%          1    ##.....

Your spell library contained the following spells:

 Spells                   Type           Power        Failure   Level  Hunger
 Animate Skeleton         Necr           N/A          8%          1    ##.....
 Vampiric Draining        Necr           #.........   22%         3    ####...
 Blink                    Tloc           N/A          38%         2    ###....
 Shroud of Golubria       Chrm/Tloc      #.....       38%         2    ###....
 Stone Arrow              Conj/Erth      #.....       45%         3    ####...
 Animate Dead             Necr           N/A          58%         4    #####..
 Agony                    Necr           #.......     91%         5    ######.


Dungeon Overview and Level Annotations

Branches:
Dungeon (1/15)

Altars:


Innate Abilities, Weirdness & Mutations

You cannot wear armour.
You are incapable of wielding weapons or throwing items.
Your paws allow you to move quietly. (Stealth)
You have sharp claws.
You have razor-sharp teeth.
You have supernaturally acute eyesight. (SInv)
You are carnivorous and can eat meat at any time.
You cover ground quickly.
You are covered in fur. (AC +1)
You have a slow metabolism.
Your sharp claws are effective at attacking unaware monsters.


Message History

The jackal completely misses you. The jackal bites you.
* * * LOW HITPOINT WARNING * * *
You completely miss the jackal.
The jackal is heavily wounded.
The jackal closely misses you.
Casting: Pain (safe; 8% risk of failure)
Confirm with . or Enter, or press ? or * to list all spells.
Aiming: Pain (safe; 8% risk of failure)
Press: ? - help, Shift-Dir - straight line, f - jackal
Aim: a jackal (heavily wounded, chance to defeat MR: 73%)
The jackal struggles to resist.
The jackal closely misses you.
Casting: Pain (safe; 8% risk of failure)
Confirm with . or Enter, or press ? or * to list all spells.
You don't have enough magic to cast that spell.
Unknown command.
You miss the jackal.
The jackal is heavily wounded.
The jackal bites you but does no damage.
The jackal bites you.
You die...

?. . ### ### [#
... ..####.#
###.##.##...# ..
......##.#.#..##
#.#..##.......#
##.)....@#...
...#...#h..#
#.#.....##....
#.#...##...##.. #
#............
#.###.#.#.#..##h.
#.......#..?... .
####.#.#........
# #...#..#......


You could see a jackal.

Vanquished Creatures
  A leopard gecko (D:1)
  3 goblins (D:1)
  A hobgoblin (D:1)
  2 jackals (D:1)
7 creatures vanquished.

Notes
Turn   | Place    | Note
-------+----------+-------------------------------------------
     0 | D:1      | Descartes the Felid Wanderer began the quest for the Orb.
     0 | D:1      | Descartes set off with the following items: a ration; and
                  | the following spells available to memorise: Animate
                  | Skeleton, Pain, Vampiric Draining, Sandblast, Blink, Shroud
                  | of Golubria, Stone Arrow, Animate Dead, Agony
     0 | D:1      | Reached XP level 1. HP: 7/7 MP: 4/4
     2 | D:1      | Learned a level 1 spell: Sandblast
     4 | D:1      | Learned a level 1 spell: Pain
  1127 | D:1      | Reached XP level 2. HP: 11/11 MP: 3/6
  1142 | D:1      | Slain by a jackal

Illustrated notes

Levels and vault maps discovered:
D:1:      minmay_arrival_arboretum_large, layout_basic,
          hangedman_decor_peaks_small, st_stairs_3

Action                   || total
-------------------------++-------
Melee: Unarmed           ||    19
 Cast: Pain              ||    12
 Stab: Sleeping          ||     2
  Eat: Chunk             ||     6
Armor: Skin              ||     2
Dodge: Dodged            ||    33
